 Dungeon Crawl Stone Soup version 0.28-a0-537-g3bccd9ccbf (webtiles) character file.

Game seed: 16358442656613395149

165325 Demosthentine the Phalangite (level 17, -10/148 HPs)
             Began as a Merfolk Gladiator on Sept 27, 2021.
             Was the Champion of the Shining One.
             Mangled by a satyr (13 damage)
             ... on level 4 of the Shoals.
             The game lasted 00:42:21 (33625 turns).

Demosthentine the Phalangite (Merfolk Gladiator)   Turns: 33625, Time: 00:42:21

Health: -10/148    AC: 12    Str: 16    XL:     17   Next: 87%
Magic:  20/29      EV: 32    Int: 10    God:    the Shining One [******]
Gold:   1324       SH:  0    Dex: 27    Spells: 16/16 levels left

rFire   + . .      SeeInvis .   E - +3 trident (elec)
rCold   + . .      Faith    .   (no shield)
rNeg    + + +      Spirit   .   h - +0 troll leather armour
rPois   +          Reflect  .   D - +2 helmet
rElec   .          Harm     .   J - scarf {rC+ rF+}
rCorr   .          Rampage  .   d - +2 pair of gloves {Dex+3}
Will    ++...                   B - +0 pair of boots
Stlth   +.........              q - amulet of magic regeneration
HPRegen 1.34/turn               x - ring of poison resistance
MPRegen 0.46/turn               r - +6 ring of dexterity

@: about to teleport, spiked, glowing, studying 3 skills
A: (nimble swimmer 2), mertail, strong-willed 1
a: Renounce Religion, Divine Shield, Cleansing Flame, Summon Divine Warrior,
Brand Weapon With Holy Wrath


You were on level 4 of the Shoals.
You worshipped the Shining One.
The Shining One was exalted by your worship.
You visited 5 branches of the dungeon, and saw 28 of its levels.
You also visited: Bailey and Ice Cave.

You collected 2616 gold pieces.
You spent 1292 gold pieces at shops.

Inventory:

Hand Weapons
 E - a +3 trident of electrocution (weapon)
Missiles
 K - 5 throwing nets (quivered)
Armour
 a - a +0 buckler of reflection
 d - a +2 pair of gloves of dexterity (worn)
 h - a +0 troll leather armour (worn)
 B - a +0 pair of boots (worn)
 D - a +2 helmet (worn)
 J - a scarf of resistance (worn)
Jewellery
 e - a ring of protection from fire
 q - an amulet of magic regeneration (around neck)
 r - a +6 ring of dexterity (right hand)
 s - the amulet of Rauhis {Spirit rF- Regen+ Str+3 Slay+3}
   (You found it on level 4 of the Lair of Beasts)

   [amulet of guardian spirit]

   It causes incoming damage to be divided between your reserves of health and
   magic.
   Str:       It affects your strength (+3).
   Slay:      It affects your accuracy & damage with ranged weapons and melee
   (+3).
   rF:        It makes you vulnerable to fire.
   Regen:     It increases your rate of health regeneration.
 x - a ring of poison resistance (left hand)
Wands
 g - a wand of acid (5)
 p - a wand of flame (66)
 v - a wand of digging (4)
 C - a wand of charming (4)
 F - a wand of iceblast (5)
 G - a wand of mindburst (7)
 I - a wand of paralysis (10)
Scrolls
 b - 2 scrolls of fear
 i - a scroll of enchant armour
 j - 5 scrolls of teleportation
 k - 2 scrolls of magic mapping
 t - a scroll of summoning
 y - 11 scrolls of identify
 z - 9 scrolls of fog
 L - 2 scrolls of brand weapon
Potions
 f - 2 potions of magic
 l - 2 potions of haste
 m - 8 potions of curing
 o - 2 potions of resistance
 u - 4 potions of might
 w - 5 potions of berserk rage
 A - 2 potions of mutation
 H - 2 potions of attraction


   Skills:
 + Level 17.5 Fighting
 + Level 22.2 Polearms
 - Level 2.0 Throwing
 - Level 5.8 Armour
 + Level 20.7 Dodging
 + Level 3.3 Shields
 + Level 17.4 Invocations


You had 16 spell levels left.
You didn't know any spells.
Your spell library contained the following spells:

 Spells                   Type           Power      Damage    Failure   Level
 Shock                    Conj/Air       0%         1d3       41%         1
 Blink                    Tloc           N/A        N/A       56%         2
 Ensorcelled Hibernation  Hex/Ice        0%         N/A       56%         2
 Passwall                 Tmut/Erth      0%         N/A       56%         2
 Scorch                   Fire           0%         2d5       56%         2
 Sublimation of Blood     Necr           0%         N/A       56%         2
 Wereblood                Tmut           0%         N/A       56%         2
 Call Canine Familiar     Summ           0%         N/A       80%         3
 Dazzling Flash           Conj/Hex       0%         N/A       80%         3
 Frozen Ramparts          Ice            0%         1d2       80%         3
 Lesser Beckoning         Tloc           0%         N/A       80%         3
 Ozocubu's Armour         Ice            0%         N/A       80%         3
 Portal Projectile        Hex/Tloc       0%         N/A       80%         3
 Summon Guardian Golem    Hex/Summ       0%         N/A       80%         3
 Swiftness                Air            0%         N/A       80%         3
 Tukima's Dance           Hex            0%         N/A       80%         3
 Vampiric Draining        Necr           0%         2d6       80%         3
 Airstrike                Air            0%         N/A       99%         4
 Flame Wave               Conj/Fire      0%         3d3       99%         4
 Ice Form                 Ice/Tmut       0%         N/A       99%         4
 Leda's Liquefaction      Hex/Erth       0%         N/A       99%         4
 Summon Ice Beast         Ice/Summ       0%         N/A       99%         4
 Summon Lightning Spire   Summ/Air       0%         N/A       99%         4
 Agony                    Necr           0%         N/A       100%        5
 Blade Hands              Tmut           0%         N/A       100%        5
 Fireball                 Conj/Fire      0%         3d3       100%        5
 Irradiate                Conj/Tmut      0%         3d13      100%        5
 Iskenderun's Battlesphe  Conj           0%         2d6       100%        5
 Manifold Assault         Tloc           0%         N/A       100%        5
 Metabolic Englaciation   Hex/Ice        0%         N/A       100%        5
 Silence                  Hex/Air        0%         N/A       100%        5
 Conjure Ball Lightning   Conj/Air       0%         3x3d6     100%        6
 Death Channel            Necr           0%         N/A       100%        6
 Invisibility             Hex            0%         N/A       100%        6
 Simulacrum               Ice/Necr       0%         N/A       100%        6
 Summon Cactus Giant      Summ           0%         N/A       100%        6
 Dragon Form              Tmut           0%         N/A       100%        7
 Orb of Destruction       Conj           0%         N/A       100%        7
 Storm Form               Tmut/Air       0%         N/A       100%        7
 Summon Hydra             Summ           0%         N/A       100%        7
 Maxwell's Capacitive Co  Air            0%         ∞         100%        8
 Summon Horrible Things   Summ           0%         N/A       100%        8


Dungeon Overview and Level Annotations

Branches:
Dungeon (15/15)            Temple (1/1) D:7            Lair (6/6) D:8
 Shoals (4/4) Lair:2        Snake (0/4) Lair:4        Slime (0/5) Lair:5
    Orc (2/2) D:12            Elf (0/3) Orc:2        Vaults (0/5) D:14
 Depths (0/4) D:15         Bailey (visited)           IceCv (visited)

Altars:
Ashenzari
Cheibriados
Dithmenos
Elyvilon
Fedhas
Gozag
Hepliaklqana
Kikubaaqudgha
Makhleb
Nemelex Xobeh
Okawaru
Qazlal
Ru
Sif Muna
Trog
Uskayaw
Vehumet
Wu Jian
Xom
Yredelemnul
Zin
The Shining One
Jiyva
Lugonu

Shops:
D:4 :   D:10 [   Orc:2 [?[*   Shoals:2 *

Portals:
Abyss: Lair:6
Trove: D:11 (give +4 ice dragon scales)


Innate Abilities, Weirdness & Mutations

((You are quick and stealthy near water. (Stealth+, EV+, Speed+++)))
Your lower body shifts to a powerful aquatic tail in water.
You are strong-willed. (Will+)


Message History

* * * LOW HITPOINT WARNING * * *
The golden flame engulfs you but does no damage.
You resist.
The golden flame engulfs the satyr!!
The satyr is heavily wounded.
The golden flame engulfs the faun!!
The faun is severely wounded.
The golden flame engulfs the satyr!!!
The satyr is severely wounded.
The golden flame engulfs the manticore!!!
The manticore is almost dead.
You hear a shout! x2
The satyr shoots a sling bullet.
The sling bullet hits you!
* * * LOW HITPOINT WARNING * * *
The faun points at you and mumbles some strange words.
You resist with almost no effort.
The satyr shoots an arrow.
The arrow hits you! The Shining One protects you from harm!
The arrow burns you.
* * * LOW HITPOINT WARNING * * *
The manticore flicks its tail.
The volley of spikes hits you!!
The barbed spikes become lodged in your body.
The Shining One protects you from harm!
Unknown command.
Unknown command.
Unknown command.
The golden flame engulfs you but does no damage.
You resist.
The golden flame engulfs the satyr!!
The satyr is almost dead.
The golden flame engulfs the faun.
The faun is almost dead.
The golden flame engulfs the satyr!!
You kill the satyr!
You hear a splash. x3
The golden flame engulfs the manticore!
You kill the manticore!
You hear a shout!
The satyr unwields a +0 fustibalus.
The satyr wields a +0 spear.
The satyr hits you with a +0 spear!
You die...

####.#...#######. #.≈≈≈≈≈≈≈
.......#≈......≈... #..≈##≈≈≈...
....≈...##.≈.##...####..≈#(≈.P...
###.##..#..t.##.....#..≈..#≈.....
#.. .#####...#......#......≈...#)
.m .# ...........##.....≈≈P..# ..
. ..........#......≈....[ #.
...#.c(..##......≈....( #
.#####@####..≈.####.[.)
..≈.≈.8≈c.....##...##...
.......)†.....'≈.(..'...
....≈......8.≈##....#..<
#.#####..###...#####.... . #....
#.....+≈..... #.....
#...≈.'≈...P.
≈'...$..##...##≈...## ###
c#.≈..≈. #....#≈.....


You could see a satyr, a snapping turtle and a faun (strong).

Vanquished Creatures
  A kraken (Shoals:2)
  A reaper (IceCv)
  A stone giant (D:15)
  Nessos (D:15)
  2 minotaurs (Shoals:4)
  The ghost of demibob the Black Belt, a journeyman DsMo of Yredelemnul (Lair:6)
  2 eleionomae (Shoals:1)
  4 merfolk impalers
  A fire dragon (D:14)
  Josephine (D:11)
  7 vault guards (D:14)
  Harold (D:9)
  14 hydras
  3 alligator snapping turtles
  2 ogre magi (Orc:2)
  2 merfolk avatars
  11 satyrs
  The ghost of Spaninq the Cleaver, a novice HOAK of Lugonu (D:8)
  3 centaur warriors
  4 death yaks (Lair:5)
  14 two-headed ogres
  2 thrashing horrors (Lair:6)
  3 tengu warriors
  5 skeletal warriors (D:15)
  12 sea snakes
  2 deep trolls (Orc:2)
  4 orc knights
  A wizard (D:15)
  11 harpies (Shoals:4)
  13 manticores
  3 deep elf pyromancers
  3 orc sorcerers (Orc:2)
  12 ugly things
  20 fauns
  9 cyclopes
  10 merfolk sirens
  8 elephants
  2 ice statues (IceCv)
  2 torpor snails (Lair:6)
  3 smoke demons (Lair:6)
  9 water nymphs
  2 gargoyles (D:12)
  4 black mambas
  9 cane toads
  An unseen horror (D:11)
  4 ice devils (IceCv)
  4 anaconda simulacra (IceCv)
  A rime drake (Lair:3)
  2 efreet
  12 komodo dragons
  4 freezing wraiths
  5 yaktaurs (D:15)
  A tengu conjurer (D:13)
  3 ancient zymes (Lair:6)
  20 merfolk
  9 trolls
  A wolf spider simulacrum (D:14)
  An entropy weaver simulacrum (IceCv)
  A polar bear (Lair:2)
  5 meliai
  14 blink frogs
  3 wind drakes
  A hornet (D:9)
  8 snapping turtles
  13 dream sheep
  A raiju (shapeshifter) (Lair:6)
  A centaur simulacrum (D:14)
  A spriggan (Lair:6)
  2 shadows
  A ynoxinul (Lair:6)
  Sigmund (D:2)
  90 yaks
  2 dire elephant simulacra (IceCv)
  4 water elementals
  3 wyverns
  6 wraiths
  Grum (D:11)
  10 basilisks
  A redback simulacrum (D:14)
  A steam dragon (D:8)
  2 chaos spawn (Lair:6)
  6 vampire mosquitoes
  3 harpy simulacra (IceCv)
  2 nagas (Lair:4)
  9 small abominations (Lair:6)
  An acid dragon (D:13)
  10 water moccasins
  A large abomination (Lair:6)
  A swamp drake (D:8)
  An ice beast (D:5)
  16 orc warriors
  4 black bears
  2 sky beasts
  18 ogres
  25 wolves
  5 boggarts (D:14)
  10 centaurs
  A phantom (D:7)
  A kobold brigand (D:8)
  15 bullfrogs
  2 two-headed ogre simulacra (IceCv)
  2 cane toad simulacra (IceCv)
  A water moccasin zombie (D:7)
  5 scorpions
  2 water moccasin skeletons
  15 killer bees
  9 wights
  A howler monkey (D:6)
  5 electric eels
  A bullfrog zombie (D:6)
  4 centaur zombies
  A hound (D:5)
  Crazy Yiuf (D:3)
  9 orc priests
  2 centaur skeletons
  A jelly (D:5)
  2 iguanas
  13 orc wizards
  A killer bee zombie (D:6)
  A wolf simulacrum (IceCv)
  A hound skeleton (D:5)
  A howler monkey zombie (D:8)
  Robin (D:3)
  3 adders
  A howler monkey skeleton (D:7)
  13 white imps
  An ufetubus (D:6)
  2 worms (D:2)
  2 dart slugs (D:1)
  46 orcs
  8 endoplasms
  3 giant cockroaches
  18 goblins
  10 hobgoblins
  2 jackals (D:1)
  6 kobolds
  6 quokkas
  8 ball pythons
  8 bats
  3 frilled lizards (D:1)
  6 rats
  A tentacle (Shoals:2)
825 creatures vanquished.

Vanquished Creatures (collateral kills)
  Jorgrun (Orc:1)
  A harpy (Shoals:4)
  2 fauns (Shoals:4)
  3 merfolk
  2 trolls (Orc:2)
  A water elemental (Shoals:4)
  A warg (Orc:1)
  An orc warrior (Orc:1)
  3 ogres (Orc:2)
  An orc wizard (Orc:1)
  2 orcs (Orc:1)
18 creatures vanquished.

Vanquished Creatures (others)
  A faun (Shoals:1)
  A kobold (D:8)
  2 bushes (Lair:5)
  13 fungi
  45 plants
  3 tentacles (Shoals:2)
  2 withered plants (Lair:6)
67 creatures vanquished.

Grand Total: 910 creatures vanquished

Notes
Turn   | Place    | Note
-------+----------+-------------------------------------------
     0 | D:1      | Demosthentine the Merfolk Gladiator began the quest for the
                  | Orb.
     0 | D:1      | Reached XP level 1. HP: 16/16 MP: 1/1
    29 | D:1      | You fall into a shaft and drop 1 floor!
    88 | D:2      | Noticed Sigmund
   226 | D:1      | Reached XP level 2. HP: 11/23 MP: 2/2
   655 | D:1      | Found a faded altar of an unknown god.
   760 | D:1      | Reached XP level 3. HP: 28/28 MP: 3/3
   947 | D:1      | Reached skill level 5 in Polearms
  1279 | D:1      | Reached skill level 1 in Armour
  1565 | D:2      | Found a stormy altar of Qazlal.
  1726 | D:2      | Killed Sigmund
  1727 | D:2      | Reached skill level 5 in Dodging
  1727 | D:2      | Reached XP level 4. HP: 37/37 MP: 4/4
  1727 | D:2      | Reached XP level 5. HP: 42/42 MP: 5/5
  2068 | D:2      | Reached skill level 6 in Polearms
  2300 | D:3      | Reached XP level 6. HP: 48/48 MP: 6/6
  2461 | D:3      | Noticed Robin
  2501 | D:3      | Killed Robin
  2911 | D:3      | Noticed a sky beast
  2919 | D:3      | Killed a sky beast
  2971 | D:3      | Found a runed translucent door.
  2972 | D:3      | Noticed Crazy Yiuf
  3066 | D:3      | Killed Crazy Yiuf
  3119 | D:4      | Found a glowing silver altar of Zin.
  3202 | D:4      | Reached XP level 7. HP: 30/55 MP: 7/7
  3724 | D:4      | Found a shimmering altar of Xom.
  3795 | D:4      | Found Qeulup's Book Shop.
  3956 | D:5      | Entered Level 5 of the Dungeon
  3963 | D:5      | Reached skill level 7 in Polearms
  4055 | D:5      | Reached skill level 5 in Fighting
  4111 | D:5      | Found an opulent altar of Gozag.
  4236 | D:5      | Reached XP level 8. HP: 53/62 MP: 8/8
  4521 | D:5      | Reached skill level 8 in Polearms
  4674 | D:5      | Gained mutation: You are strong-willed. (Will+) [potion of
                  | mutation]
  5124 | D:6      | Reached skill level 9 in Polearms
  5124 | D:6      | Reached XP level 9. HP: 45/71 MP: 9/9
  5462 | D:6      | Found a shadowy altar of Dithmenos.
  5602 | D:7      | Found a staircase to the Ecumenical Temple.
  5608 | Temple   | Entered the Ecumenical Temple
  5868 | Temple   | Became a worshipper of Elyvilon the Healer
  5978 | D:7      | Found a glowing golden altar of the Shining One.
  6049 | D:7      | Noticed a manticore
  6079 | D:7      | Killed a manticore
  6080 | D:7      | Reached skill level 10 in Polearms
  6336 | D:7      | Reached skill level 5 in Armour
  6796 | D:7      | Found a broken altar of Ashenzari.
  6796 | D:7      | Found a radiant altar of Vehumet.
  6797 | D:7      | Found a sparkling altar of Nemelex Xobeh.
  7021 | D:7      | Identified the +8 flail of the Jumping Vulture {drain, rC+
                  | rCorr}
  7093 | D:7      | Fell from the grace of Elyvilon
  7093 | D:7      | Became a worshipper of the Shining One
  7137 | D:8      | Reached XP level 10. HP: 60/80 MP: 10/10
  7341 | D:8      | Reached skill level 11 in Polearms
  7341 | D:8      | Reached skill level 10 in Dodging
  7653 | D:8      | Reached * piety under the Shining One
  7741 | D:8      | Found a runed translucent door.
  7743 | D:8      | Noticed Spaninq's ghost (novice HOAK)
  8153 | D:8      | Found a staircase to the Lair.
  8545 | D:8      | Killed Spaninq's ghost
  8593 | D:9      | Reached skill level 12 in Polearms
  8654 | D:9      | Reached skill level 1 in Invocations
  8879 | D:9      | Noticed a manticore
  8913 | D:9      | Killed a manticore
  8914 | D:9      | Reached XP level 11. HP: 55/89 MP: 12/12
  9084 | D:9      | Noticed a two-headed ogre
  9091 | D:9      | Killed a two-headed ogre
  9219 | D:9      | Noticed a two-headed ogre
  9234 | D:9      | Killed a two-headed ogre
  9443 | D:9      | Noticed Harold
  9463 | D:9      | Killed Harold
  9464 | D:9      | Reached skill level 13 in Polearms
  9731 | D:10     | Entered Level 10 of the Dungeon
  9998 | D:10     | Found Dusaacs's Antique Armour Boutique.
 10182 | D:10     | Reached ** piety under the Shining One
 10480 | D:11     | Noticed a manticore
 10490 | D:11     | Killed a manticore
 10491 | D:11     | Reached skill level 10 in Fighting
 10621 | D:11     | Noticed Josephine
 10640 | D:11     | Killed Josephine
 10653 | D:11     | Noticed Grum
 10657 | D:11     | Reached skill level 5 in Invocations
 10671 | D:11     | Killed Grum
 10788 | D:11     | Found a portal to a secret trove of treasure.
 11776 | D:12     | Noticed a centaur warrior
 11789 | D:12     | Noticed a white ugly thing
 11791 | D:12     | Killed a centaur warrior
 11792 | D:12     | Reached skill level 14 in Polearms
 11792 | D:12     | Reached XP level 12. HP: 74/99 MP: 16/16
 12049 | D:12     | Reached *** piety under the Shining One
 12140 | D:12     | Noticed a four-headed hydra
 12161 | D:12     | Killed a four-headed hydra
 12310 | D:12     | Got the Papyrus of the Cooper
 13142 | D:12     | Reached skill level 15 in Polearms
 13257 | D:12     | Noticed a two-headed ogre
 13340 | D:12     | Killed a two-headed ogre
 14045 | D:12     | Found a staircase to the Orcish Mines.
 14519 | D:13     | Noticed a tengu warrior
 14551 | D:13     | Killed a tengu warrior
 14614 | D:13     | Noticed a six-headed hydra
 14625 | D:13     | Killed a six-headed hydra
 14626 | D:13     | Reached XP level 13. HP: 108/108 MP: 19/19
 14741 | D:13     | Reached **** piety under the Shining One
 15101 | D:13     | Reached skill level 16 in Polearms
 15460 | D:14     | Reached skill level 15 in Dodging
 15541 | D:14     | Noticed a fire dragon
 15558 | D:14     | Killed a fire dragon
 15817 | D:14     | Found a sacrificial altar of Ru.
 15929 | D:14     | Found a gate to the Vaults.
 15929 | D:14     | Noticed a vault guard
 15929 | D:14     | Noticed a vault guard
 15929 | D:14     | Noticed a vault guard
 15929 | D:14     | Noticed a vault guard
 15929 | D:14     | Noticed a vault guard
 15930 | D:14     | Noticed a vault guard
 15930 | D:14     | Noticed a vault guard
 15930 | D:14     | Noticed a vault guard
 15941 | D:14     | Killed a vault guard
 15960 | D:14     | Killed a vault guard
 16099 | D:14     | Killed a vault guard
 16116 | D:14     | Killed a vault guard
 16183 | D:14     | Killed a vault guard
 16265 | D:14     | Killed a vault guard
 16318 | D:14     | Killed a vault guard
 16319 | D:14     | Reached skill level 17 in Polearms
 16403 | D:15     | Entered Level 15 of the Dungeon
 16431 | D:15     | Reached skill level 10 in Invocations
 16490 | D:15     | Noticed Nessos
 16898 | D:15     | Reached XP level 14. HP: 64/118 MP: 21/21
 17176 | D:15     | Found a staircase to the Depths.
 17176 | D:15     | Noticed a stone giant
 17185 | D:15     | Killed a stone giant
 17407 | D:15     | Killed Nessos
 17492 | D:15     | Reached ***** piety under the Shining One
 18747 | Lair:1   | Entered Level 1 of the Lair of Beasts
 18819 | D:8      | Reached skill level 18 in Polearms
 20249 | Lair:2   | Found a staircase to the Shoals.
 20603 | Lair:2   | Identified the +0 leather armour "Jipaul" {+Inv Dex+4}
 20862 | Lair:3   | Reached XP level 15. HP: 111/127 MP: 23/23
 21533 | Lair:4   | Found a staircase to the Snake Pit.
 21766 | Lair:4   | Identified the amulet of Rauhis {Spirit rF- Regen+ Str+3
                  | Slay+3}
 22710 | Lair:5   | Reached skill level 19 in Polearms
 23252 | Lair:5   | Found a viscous altar of Jiyva.
 23252 | Lair:5   | Found a staircase to the Slime Pits.
 23337 | Lair:5   | Reached skill level 15 in Fighting
 23925 | Lair:6   | Entered Level 6 of the Lair of Beasts
 24111 | Lair:6   | Found a frozen archway.
 24112 | Lair:6   | Reached ****** piety under the Shining One
 24186 | IceCv    | Entered an ice cave
 24826 | IceCv    | Identified a scroll of acquirement
 24826 | IceCv    | Acquired a manual of Invocations
 25464 | Lair:6   | Reached skill level 20 in Polearms
 25476 | Lair:6   | Reached XP level 16. HP: 135/136 MP: 25/25
 26099 | Lair:6   | Found a corrupted altar of Lugonu.
 26099 | Lair:6   | Found a one-way gate to the infinite horrors of the Abyss.
 26100 | Lair:6   | Found the +4 Cigotuvi's embrace {rMiasma Drain rN+}
 26335 | Lair:6   | Found a runed translucent door.
 26335 | Lair:6   | Noticed demibob's ghost (journeyman DsMo)
 26625 | Lair:6   | Killed demibob's ghost
 26897 | Orc:1    | Entered Level 1 of the Orcish Mines
 26915 | Orc:1    | Found a flagged portal.
 26924 | Bailey   | Entered a bailey
 27315 | Orc:1    | Noticed Jorgrun
 27338 | Orc:1    | Killed Jorgrun
 27722 | Orc:2    | Entered Level 2 of the Orcish Mines
 27756 | Orc:2    | Paralysed by an orc sorcerer for 4 turns
 27871 | Orc:2    | Found a staircase to the Elven Halls.
 27918 | Orc:2    | Found Ruhiorch's Assorted Antiques.
 28549 | Orc:2    | Found Unkuol's Armour Shop.
 28551 | Orc:2    | Found Zihise's Magic Scroll Shoppe.
 28553 | Orc:2    | Bought a scroll of fog for 70 gold pieces
 28560 | Orc:2    | Found Meziwn's Antique Armour Boutique.
 28564 | Orc:2    | Bought a scroll of teleportation for 39 gold pieces
 28564 | Orc:2    | Bought a scroll of teleportation for 39 gold pieces
 28564 | Orc:2    | Bought a scroll of teleportation for 39 gold pieces
 28564 | Orc:2    | Bought a scroll of teleportation for 39 gold pieces
 28564 | Orc:2    | Bought a scroll of enchant armour for 97 gold pieces
 28564 | Orc:2    | Bought a scroll of enchant armour for 97 gold pieces
 28564 | Orc:2    | Bought a scroll of enchant armour for 97 gold pieces
 28922 | Shoals:1 | Entered Level 1 of the Shoals
 28957 | Shoals:1 | Reached skill level 15 in Invocations
 29191 | Shoals:1 | Reached skill level 21 in Polearms
 29891 | Shoals:1 | Reached XP level 17. HP: 144/146 MP: 28/28
 30701 | Shoals:2 | Noticed a kraken
 30726 | Shoals:2 | Killed a kraken
 30998 | Shoals:2 | HP: 7/146 [merfolk (15)]
 31321 | Shoals:2 | Found Uho Susk's Assorted Antiques.
 31340 | Shoals:2 | Bought an iridescent trident for 280 gold pieces
 31340 | Shoals:2 | Identified the +3 trident of a bailey {pain, +Blink} (You
                  | bought it in a shop on level 2 of the Shoals)
 31341 | Shoals:2 | Bought a potion of haste for 330 gold pieces
 31341 | Shoals:2 | Bought a runed wooden ring for 165 gold pieces
 32234 | Shoals:3 | Found a runed translucent door.
 32501 | Shoals:3 | Acquired a +0 buckler of reflection
 32529 | Shoals:4 | Entered Level 4 of the Shoals
 32827 | Shoals:3 | Reached skill level 1 in Shields
 33152 | Shoals:4 | Reached skill level 22 in Polearms
 33201 | Shoals:4 | Noticed a sphinx
 33624 | Shoals:4 | HP: 3/148 [satyr/sling bullet (16)]
 33624 | Shoals:4 | The Shining One protects you from harm!
 33624 | Shoals:4 | The Shining One protects you from harm!
 33625 | Shoals:4 | Mangled by a satyr

Illustrated notes

Levels and vault maps discovered:
D:1:      elethiomel_arrival_maze, layout_basic, ebering_ecumenical_altar_mist
D:2:      layout_basic, basic_altar, serial_glass, glass_columns_a,
          glass_columns_a, glass_columns_c, glass_columns_b, uniq_sigmund
D:3:      minmay_razor_zed, layout_loops_ring, uniq_robin,
          uniq_crazy_yiuf_cottage
D:4:      layout_basic, general_overflow_altar, mainiacjoe_overflow_paths,
          serial_shops, shop_statue, corexii_hall_statues_i
D:5:      minmay_angry_zag, layout_rooms,
          nicolae_gozag_cash_rules_everything_around_me
D:6:      layout_rooms, lemuel_round_altar
D:7:      layout_loops_ring, tso_metal_star, nicolae_overflow_hidden_temple,
          temple_doors_cd
D:8:      layout_basic, erik_lair_dragon, ebering_ghost_reflecting_pool
D:9:      layout_gridville, uniq_harold
D:10:     layout_basic, serial_shops, shop
D:11:     layout_layer_cave, nicolae_trove_entry_crossroad, uniq_grum,
          uniq_josephine
D:12:     layout_layer_cave, erik_orc_2, chequers_jeans, eino_jars
D:13:     layout_irregular_city
D:14:     layout_basic, erik_vaults_2, nicolae_ru_sacrificial_ziggurat
D:15:     grunt_enter_depths_snipers, layout_stronghold, amethyst_killhole,
          chequers_serial_rivers_small_a, uniq_nessos
Temple:   dpeg_chambers_temple
Lair:1:   layout_cave_pods, beast_lair_carwin_10, grunt_megastairs_1
Lair:2:   layout_concentric_octagons, elwin_shoals_entry_rooms
Lair:3:   layout_gridlike, infiniplex_staircase_pool, serial_bayou_shore_a
Lair:4:   layout_cave_pods, guppyfry_snake_entry_island, serial_bayou_pond_e
Lair:5:   layout_layer_cave, slime_altar_1
Lair:6:   hellmonk_lair_end_abyssal_woods, layout_cave_pods,
          portal_ice_cave_entry_imps, gammafunk_ghost_grave
Shoals:1: layout_shoals, nicolae_shoals_enchanted_isle
Shoals:2: layout_shoals, serial_shops, nicolae_stop_n_shop_1
Shoals:3: layout_shoals, lightli_airlock
Shoals:4: shoals_end_hellmonk_lost_city
Orc:1:    layout_caves, enter_bailey_2, uniq_jorgrun
Orc:2:    st_orc_open, layout_diamond_mine

Skill      XL: |  1  2  3  4  5  6  7  8  9 10 11 12 13 14 15 16 17 |
---------------+----------------------------------------------------+-----
Polearms       | 5 6 7 9 10 12 14 15 17 18 20 21 22 | 22.2
Armour         | 1 2 3 4 5 |  5.8
Fighting       | 3 4 5 6 7 9 10 12 13 14 15 16 17 | 17.5
Dodging        | 5 6 7 8 9 11 12 14 15 17 18 19 20 | 20.7
Invocations    | 2 5 8 10 11 13 15 17 | 17.4
Shields        | 3 |  3.3
Throwing       | |  2.0

Action                   |  1- 3 |  4- 6 |  7- 9 | 10-12 | 13-15 | 16-18 || total
-------------------------+-------+-------+-------+-------+-------+-------++-------
Melee: Trident           |   126 |   104 |   368 |   791 |  2228 |  1528 ||  5145
       Tailslap          |       |       |       |       |       |    81 ||    81
Throw: Throwing net      |     1 |     3 |       |     3 |     6 |     3 ||    16
Invok: Divine Shield     |       |       |       |       |     3 |     5 ||     8
       Cleansing Flame   |       |       |       |       |     2 |     5 ||     7
       Summon Divine War |       |       |       |       |       |     4 ||     4
Evoke: Wand              |       |       |       |       |     9 |     1 ||    10
  Use: Scroll            |     5 |     5 |     8 |     2 |    10 |    10 ||    40
       Potion            |     2 |     1 |     2 |     2 |     6 |     3 ||    16
 Stab: Sleeping          |     4 |     5 |     1 |       |       |       ||    10
       Held in net/web   |       |     1 |       |       |       |       ||     1
       Distracted        |       |       |     1 |       |       |       ||     1
Armor: Leather armour    |    26 |    28 |    91 |     2 |       |       ||   147
       Steam dragon scal |       |       |       |   126 |       |       ||   126
       Troll leather arm |       |       |       |    16 |   296 |    87 ||   399
Dodge: Dodged            |    57 |    43 |   244 |   551 |  1873 |  1185 ||  3953
Block: Other             |       |       |       |       |    30 |    62 ||    92

Table legend: (Time is in decaauts)
 A = Elapsed time spent in this place.
 B = Non-inter-level travel time spent in this place.
 C = Inter-level travel time spent in this place.
 D = Time resting spent in this place.
 E = Time spent auto-exploring this place.
 F = Levels seen in this place.
 G = Mean time per level.
                   A        B        C        D        E       F      G
               +--------+--------+--------+--------+--------+-----+--------+
         Total |  31193 |  29391 |   1802 |   1246 |  21670 |  30 | 1039.8 |
       Dungeon |  18359 |  17168 |   1191 |    565 |  13486 |  15 | 1223.9 |
        Temple |    273 |    273 |      0 |      0 |    232 |   1 |  273.0 |
          Lair |   6802 |   6332 |    470 |      0 |   4840 |   6 | 1133.7 |
        Shoals |   3552 |   3436 |    116 |    483 |   1924 |   4 |  888.0 |
  Orcish Mines |   1260 |   1237 |     23 |    165 |    670 |   2 |  630.0 |
        Bailey |    336 |    336 |      0 |      0 |    205 |   1 |  336.0 |
      Ice Cave |    608 |    608 |      0 |     33 |    311 |   1 |  608.0 |
               +--------+--------+--------+--------+--------+-----+--------+

Top non-repeatable levels by time:
    D:12: 2402 daAuts
    D:15: 1996 daAuts
     D:8: 1799 daAuts
  Lair:6: 1771 daAuts
     D:1: 1477 daAuts
    D:11: 1414 daAuts
  Lair:5: 1309 daAuts
Shoals:1: 1222 daAuts
     D:9: 1210 daAuts
     D:7: 1167 daAuts
    D:14: 1065 daAuts
  Lair:4: 1031 daAuts
  Lair:1: 1018 daAuts
    D:13: 980 daAuts
     D:6: 979 daAuts
